 Dungeon Crawl Stone Soup version 0.24.0-13-gcf9b3192b9 (webtiles) character file.

Game seed: 14412945262609968960, levelgen mode: deterministic

5691 Empheia the Basher (level 10, -1/88 HPs)
             Began as a Minotaur Fighter on Nov 7, 2019.
             Was a Believer of Dithmenos.
             Slain by an eight-headed hydra (3 damage)
             ... on level 9 of the Dungeon on Nov 9, 2019.
             The game lasted 02:07:28 (9199 turns).

Empheia the Basher (Minotaur Fighter)               Turns: 9199, Time: 02:07:29

Health: -1/88      AC:  9    Str: 25    XL:     10   Next: 47%
Magic:  10/10      EV: 10    Int:  5    God:    Dithmenos [**....]
Gold:   585        SH: 11    Dex:  9    Spells: 9/9 levels left

rFire    . . .     SeeInvis .   a - +0 war axe
rCold    . . .     Gourm    .   c - +0 shield
rNeg     . . .     Faith    .   b - +0 scale mail
rPois    .         Spirit   .   (helmet restricted)
rElec    .         Reflect  .   (no cloak)
rCorr    .         Harm     .   j - +0 pair of gloves
MR       .....                  (no boots)
Stlth    ..........             G - amulet of rage
HPRegen  0.24/turn              (no ring)
MPRegen  0.12/turn              (no ring)

@: about to teleport, berserk cooldown, slowed, wreathed by umbra, very slow
A: retaliatory headbutt, horns 2
a: Shadow Step, Renounce Religion, Evoke Berserk Rage


You were on level 9 of the Dungeon.
You worshipped Dithmenos.
Dithmenos was pleased with you.
You were hungry.

You visited 2 branches of the dungeon, and saw 10 of its levels.

You collected 585 gold pieces.

Inventory:

Hand Weapons
 a - a +0 war axe (weapon)
 s - a +0 flail
 C - a +2 whip of flaming
 I - a +4 hand axe
 O - a +0 dire flail
 R - a +1 shortbow of flaming
Missiles
 e - 190 arrows
 k - 177 stones
 r - 21 poisoned darts (quivered)
 w - 3 datura-tipped darts
 P - 6 boomerangs
Armour
 b - a +0 scale mail (worn)
 c - a +0 shield (worn)
 j - a +0 pair of gloves (worn)
 D - a +0 plate armour
 K - a +0 chain mail
Jewellery
 G - an amulet of rage (around neck)
 H - an uncursed amulet of the gourmand
 M - an uncursed ring of fire
Wands
 v - a wand of iceblast (9)
 F - a wand of acid (10)
Scrolls
 g - 3 scrolls of enchant weapon
 h - 7 scrolls of remove curse
 m - 2 scrolls of noise {unknown}
 n - 2 scrolls of immolation {unknown}
 o - 3 scrolls of blinking
 t - a scroll of enchant armour {unknown}
 x - a scroll of magic mapping {unknown}
 y - 2 scrolls of fog {unknown}
 E - a scroll of silence {unknown}
 J - a scroll of amnesia {unknown}
 L - a scroll of summoning {unknown}
 N - 2 scrolls of identify {unknown}
Potions
 d - 2 potions of might
 l - a potion of heal wounds {unknown}
 q - 2 potions of lignification {unknown}
 u - a potion of brilliance {unknown}
 z - 2 potions of mutation {unknown}
 A - 2 potions of degeneration {unknown}
 B - a potion of agility {unknown}
Comestibles
 f - 16 rations


   Skills:
 + Level 7.9 Fighting
 + Level 6.6(9.4) Axes
 + Level 10.4(11.1) Maces & Flails
 + Level 0.9 Throwing
 + Level 8.0 Armour
 + Level 4.2 Dodging
 + Level 1.7 Stealth
 + Level 8.6 Shields
 + Level 2.3 Evocations


You had 9 spell levels left.
You didn't know any spells.
Your spell library contained the following spells:

 Spells                   Type           Power        Failure   Level  Hunger
 Infusion                 Chrm           #...         95%         1    ##.....
 Shroud of Golubria       Chrm/Tloc      #.....       98%         2    ###....
 Song of Slaying          Chrm           #.......     98%         2    ###....
 Regeneration             Chrm/Necr      #.........   100%        3    ####...
 Spectral Weapon          Hex/Chrm       #.......     100%        3    ####...
 Cause Fear               Hex            #.........   100%        4    #####..
 Silence                  Hex/Air        #.........   100%        5    ######.
 Yara's Violent Unravell  Hex/Tmut       #.........   100%        5    ######.
 Deflect Missiles         Chrm/Air       #.........   100%        6    #######
 Discord                  Hex            #.........   100%        8    #######


Dungeon Overview and Level Annotations

Branches:
Dungeon (9/15)             Temple (1/1) D:5
   Lair: D:8-11         Orc: D:9-12

Altars:
Ashenzari
Cheibriados
Dithmenos
Elyvilon
Fedhas
Gozag
Hepliaklqana
Kikubaaqudgha
Makhleb
Nemelex Xobeh
Okawaru
Qazlal
Ru
Sif Muna
Trog
Uskayaw
Vehumet
Wu Jian
Xom
Yredelemnul
Zin
The Shining One


Innate Abilities, Weirdness & Mutations

You reflexively headbutt those who attack you in melee.
You have a pair of horns on your head.


Message History

The eight-headed hydra bites you. The eight-headed hydra bites you!
You block the eight-headed hydra's attack.
The eight-headed hydra bites you!
* * * LOW HITPOINT WARNING * * *
You block the eight-headed hydra's attack.
The eight-headed hydra bites you but does no damage. x2
The eight-headed hydra completely misses you.
As you read the scroll of teleportation, it crumbles to dust.
You feel strangely unstable. The eight-headed hydra bites you!
* * * LOW HITPOINT WARNING * * *
You block the eight-headed hydra's attack.
The eight-headed hydra barely misses you.
You block the eight-headed hydra's attack.
The eight-headed hydra bites you.
* * * LOW HITPOINT WARNING * * *
The eight-headed hydra bites you.
* * * LOW HITPOINT WARNING * * *
You block the eight-headed hydra's attack.
The eight-headed hydra bites you.
You die...

# ##.# #......####....
# #.# #.......#....##
## #.## #..........# #
.# ##.# #.........## #
.## #.## #..........##
# ..#
#..#####)..........###
..#
##.##...............##
..##
#......)............#
...#
#...@D...............
...#
##.#...#....>........#
...#
##..###...............#
...## #..##
##.............## ....#
##.## ##...........##.
..### #..#
##.......####). .)###
##.## #####....###.#
.)..#####.## ##....#)##
......##..# ###.).)##


You could see an eight-headed hydra.

Vanquished Creatures
  2 two-headed ogres
  Pikel (D:5)
  A yak (D:8)
  2 hungry ghosts
  A steam dragon (D:8)
  A soldier ant (D:9)
  3 sky beasts
  2 ice beasts
  A slave (D:5)
  3 orc warriors
  A phantom (D:8)
  4 ogres
  5 centaurs
  A big kobold (D:8)
  5 bullfrogs
  2 scorpions
  3 crimson imps
  2 hounds
  7 orc priests
  3 bullfrog skeletons
  A centaur skeleton (D:9)
  11 orc wizards
  3 iguanas
  8 worker ants
  A hound skeleton (D:4)
  6 adders
  2 shadow imps
  2 adder skeletons
  2 adder zombies
  4 worms
  2 dart slugs
  4 leopard geckos
  47 orcs
  3 ball pythons
  3 giant cockroaches
  8 goblins
  7 hobgoblins
  3 jackals (D:4)
  3 quokkas
  5 bats
  4 frilled lizards
  A jackal skeleton (D:4)
  2 jackal zombies
  12 kobolds
  A leopard gecko skeleton (D:7)
  2 quokka skeletons
  4 rats (D:1)
201 creatures vanquished.

Vanquished Creatures (others)
  An orc wizard (D:6)
1 creature vanquished.

Grand Total: 202 creatures vanquished

Notes
Turn   | Place    | Note
-------+----------+-------------------------------------------
     0 | D:1      | Empheia the Minotaur Fighter began the quest for the Orb.
     0 | D:1      | Reached XP level 1. HP: 19/19 MP: 0/0
     1 | D:1      | You fall into a shaft and drop 1 floor!
   302 | D:2      | Reached XP level 2. HP: 27/27 MP: 1/1
   774 | D:1      | Reached XP level 3. HP: 30/33 MP: 2/2
  1134 | D:3      | Reached XP level 4. HP: 7/40 MP: 3/3
  1879 | D:3      | Found a sparkling altar of Nemelex Xobeh.
  2171 | D:4      | Reached skill level 1 in Dodging
  2171 | D:4      | Reached XP level 5. HP: 47/47 MP: 4/4
  2641 | D:5      | Entered Level 5 of the Dungeon
  2683 | D:5      | Noticed a slave
  2701 | D:5      | Found a staircase to the Ecumenical Temple.
  2728 | D:5      | Killed a slave
  2745 | Temple   | Entered the Ecumenical Temple
  2806 | D:5      | Noticed an ogre
  2819 | D:5      | Killed an ogre
  2819 | D:5      | Reached skill level 2 in Maces & Flails
  2821 | D:5      | Reached XP level 6. HP: 20/53 MP: 5/5
  3054 | D:5      | Found a hide-covered altar of Uskayaw.
  3057 | D:5      | Noticed a +0 dagger
  3058 | D:5      | Noticed a +0 dagger
  3076 | D:5      | Noticed Pikel
  3083 | D:5      | Noticed a slave
  3084 | D:5      | Noticed a slave
  3084 | D:5      | Noticed a slave
  3086 | D:5      | Killed Pikel
  3086 | D:5      | Reached skill level 5 in Fighting
  3086 | D:5      | Reached skill level 5 in Maces & Flails
  3086 | D:5      | Reached skill level 5 in Armour
  3086 | D:5      | Reached skill level 5 in Shields
  3086 | D:5      | Reached XP level 7. HP: 61/61 MP: 6/6
  3698 | D:5      | Reached skill level 6 in Maces & Flails
  4101 | Temple   | Became a worshipper of Dithmenos the Shadowed
  4176 | D:6      | Reached skill level 1 in Evocations
  4176 | D:6      | Reached XP level 8. HP: 52/69 MP: 7/7
  4221 | D:6      | Reached skill level 1 in Stealth
  4613 | D:6      | Found a sacrificial altar of Ru.
  4747 | D:6      | Found a snail-covered altar of Cheibriados.
  5470 | D:7      | Reached skill level 7 in Maces & Flails
  5514 | D:7      | Reached * piety under Dithmenos
  5550 | D:7      | Reached XP level 9. HP: 66/78 MP: 9/9
  5800 | D:7      | Reached skill level 8 in Maces & Flails
  6323 | D:8      | Noticed a two-headed ogre
  6692 | D:8      | Found a glowing silver altar of Zin.
  6692 | D:8      | Found a white marble altar of Elyvilon.
  7196 | D:8      | Found a sparkling altar of Nemelex Xobeh.
  7205 | D:8      | Reached skill level 9 in Maces & Flails
  7658 | D:8      | Killed a two-headed ogre
  7667 | D:8      | Reached skill level 10 in Maces & Flails
  7667 | D:8      | Reached XP level 10. HP: 72/86 MP: 10/10
  7814 | D:8      | Reached ** piety under Dithmenos
  8351 | D:9      | Noticed a six-headed hydra
  8568 | D:9      | Reached skill level 5 in Axes
  8927 | D:9      | Noticed a two-headed ogre
  8935 | D:9      | Killed a two-headed ogre
  9199 | D:9      | HP: 2/88 [eight-headed hydra (4)]
  9199 | D:9      | Slain by an eight-headed hydra

Levels and vault maps discovered:
D:1:      lightli_arrival_boilingwater, layout_basic
D:2:      layout_loops_ring
D:3:      layout_rooms, nemelex_lonely_heart_becter
D:4:      layout_gridville, first_ration
D:5:      layout_cave_pods, dancing_weapons_uskayaw,
          minmay_temple_entry_offerings, uniq_pikel
D:6:      layout_loops_ring, slow_altar_2, nicolae_ru_awakened_eye
D:7:      layout_loops_ring, grunt_ogre_cave
D:8:      layout_gridville, nemelex_xobeh_ov_fountains_minmay,
          chequers_temple_overflow_statue_of_worship,
          nicolae_ossuary_entry_plus, moated_statue
D:9:      layout_cave_pods
Temple:   eino_temple_rhombus

Skill      XL: |  1  2  3  4  5  6  7  8  9 10 |
---------------+-------------------------------+-----
Fighting       | 4 5 6 7 |  7.9
Armour         | 4 5 6 7 8 |  8.0
Shields        | 4 5 6 8 |  8.6
Axes           | 3 4 6 |  6.6
Dodging        | 1 2 3 4 |  4.2
Maces & Flails | 2 5 6 7 10 | 10.4
Evocations     | 1 2 |  2.3
Stealth        | 1 |  1.7
Throwing       | |  0.9

Action                   |  1- 3 |  4- 6 |  7- 9 | 10-12 || total
-------------------------+-------+-------+-------+-------++-------
Melee: War axe           |    81 |    22 |       |   132 ||   235
       Headbutt          |    10 |    23 |    55 |    24 ||   112
       Flail             |       |    73 |   315 |       ||   388
       Whip              |       |    24 |     9 |       ||    33
       Hand axe          |       |       |     9 |       ||     9
Throw: Stone             |       |     2 |     2 |       ||     4
       Boomerang         |       |       |     4 |     6 ||    10
       Throwing net      |       |       |     1 |       ||     1
       Dart              |       |       |       |     3 ||     3
 Abil: Evoke Berserk Rag |       |       |     2 |     1 ||     3
Evoke: Wand              |       |     4 |    13 |     3 ||    20
  Use: Scroll            |       |       |     9 |     2 ||    11
       Potion            |       |       |     3 |       ||     3
  Eat: Chunk             |     1 |     2 |    11 |     4 ||    18
       Ration            |       |     1 |     2 |     1 ||     4
Armor: Scale mail        |    32 |    43 |    92 |    41 ||   208
Dodge: Dodged            |    17 |    36 |    92 |    54 ||   199
Block: Shield            |    32 |    61 |   140 |    92 ||   325
